 Dungeon Crawl Stone Soup version 0.29.1-13-g9f3cf754e1 (webtiles) character file.

Game seed: 933100779892655851

11 xian the Magician (level 2, -5/19 HPs)
             Began as a Demonspawn Hedge Wizard on Feb 10, 2023.
             Killed by nerve-wracking pain
             ... invoked by Jessica
              (14 damage)
             ... on level 2 of the Dungeon.
             The game lasted 00:01:00 (544 turns).

xian the Magician (Demonspawn Hedge Wizard)          Turns: 544, Time: 00:01:00

Health: -5/19      AC:  2    Str: 10    XL:     2   Next: 13%
Magic:  3/6        EV: 14    Int: 15    God:
Gold:   54         SH:  0    Dex: 12    Spells: 3/7 levels left

rFire   . . .      SeeInvis .   a - +0 dagger
rCold   . . .      Faith    .   (no shield)
rNeg    . . .      Spirit   .   b - +0 robe
rPois   .          Reflect  .   c - +0 hat
rElec   .          Harm     .   (no cloak)
rCorr   .          Rampage  .   (no gloves)
Will    .....                   (no boots)
Stlth   ++........              (no amulet)
HPRegen 0.06/turn               (no ring)
MPRegen 0.10/turn               (no ring)

@: no status effects
A: repulsion field 1
a: no special abilities


You were on level 2 of the Dungeon.
You visited 1 branch of the dungeon, and saw 2 of its levels.

You collected 54 gold pieces.

Inventory:

Hand Weapons
 a - a +0 dagger (weapon)
Armour
 b - a +0 robe (worn)
 c - a +0 hat (worn)
Scrolls
 e - a scroll of enchant weapon {unknown}
 f - a scroll of identify {unknown}
 h - a scroll of torment {unknown}
Potions
 d - a potion of magic
 g - a potion of cancellation {unknown}
 i - 2 potions of curing {unknown}


   Skills:
 + Level 0.3 Short Blades
 + Level 2.1 Dodging
 + Level 1.7 Stealth
 + Level 3.2 Spellcasting
 + Level 1.1 Conjurations
 + Level 1.0 Summonings
 + Level 0.8 Translocations


You had 3 spell levels left.
You knew the following spells:

 Your Spells              Type           Power      Damage    Failure   Level
a - Magic Dart            Conj           20%        1d4       13%         1
b - Slow                  Hex            8%         N/A       21%         1
c - Call Imp              Summ           5%         N/A       21%         2

Your spell library contained the following spells:

 Spells                   Type           Power      Damage    Failure   Level
 Blink                    Tloc           8%         N/A       22%         2
 Conjure Flame            Conj/Fire      4%         6-21      43%         3
 Mephitic Cloud           Conj/Pois/Air  3%         N/A       45%         3


Dungeon Overview and Level Annotations

Branches:
Dungeon (1/15)

Altars:

Annotations:
D:2 Jessica


Innate Abilities, Weirdness & Mutations

You are surrounded by a mild repulsion field. (EV +2)


Message History

Casting: Call Imp (safe; 21% risk of failure)
Confirm with . or Enter, or press ? or * to list all spells.
Aiming: Slow (safe; 21% risk of failure)
Press: ? - help, Shift-Dir - straight line, f - Jessica
Aim: Jessica, wielding a +0 club and wearing a +0 robe (ally target, chance to affect: 45%) Jessica resists with some effort.
Casting: Slow (safe; 21% risk of failure)
Confirm with . or Enter, or press ? or * to list all spells.
Aiming: Slow (safe; 21% risk of failure)
Press: ? - help, Shift-Dir - straight line, f/p - Jessica
Aim: Jessica, wielding a +0 club and wearing a +0 robe (ally target, chance to affect: 45%) Jessica seems to slow down.
Your crimson imp blinks!
Unknown command.
Jessica gestures at you while chanting.
You barely resist.
Found 10 gold pieces.
Jessica is no longer moving slowly.
Jessica hits you with a +0 club.
You hit Jessica but do no damage.
Jessica casts a spell.
Jessica blinks!
Jessica closely misses you.
You closely miss Jessica. Jessica closely misses you.
You barely miss Jessica. Jessica hits you with a +0 club!
You closely miss Jessica. Jessica misses you. Jessica attacks as you move away!
Jessica closely misses you. Jessica attacks as you move away!
Jessica closely misses you.
Your crimson imp hits Jessica.
You closely miss Jessica.
Jessica is heavily wounded.
Your crimson imp blinks!
Jessica closely misses you.
Your crimson imp blinks!
Jessica completely misses you.
You closely miss Jessica.
Jessica is heavily wounded.
Jessica gestures at you while chanting. Pain shoots through your body!
Ouch! That really hurt!
You die...

######## #......#
#......# #......#
#......# #......#
#.@@.ยง.# #......###..
#...........
#......##.$..
#####5#.#..#....
.............##
#####.#.##############
#.#............... #
################


You could see Jessica (ally target) and a friendly crimson imp (summoned).

Vanquished Creatures
  2 ball pythons (D:1)
  3 endoplasms (D:1)
  A goblin (D:1)
  A hobgoblin (D:1)
  A bat (D:1)
  A rat (D:1)
9 creatures vanquished.

Notes
Turn   | Place    | Note
-------+----------+-------------------------------------------
     0 | D:1      | xian the Demonspawn Hedge Wizard began the quest for the
                  | Orb.
     0 | D:1      | Reached XP level 1. HP: 13/13 MP: 4/4
   310 | D:1      | Gained mutation: You are surrounded by a mild repulsion
                  | field. (EV +2) [demonic ancestry]
   310 | D:1      | Reached XP level 2. HP: 19/19 MP: 3/6
   445 | D:1      | You fall into a shaft and drop 1 floor!
   514 | D:2      | Noticed Jessica
   521 | D:2      | Learned a level 1 spell: Slow
   524 | D:2      | Learned a level 2 spell: Call Imp
   544 | D:2      | Killed from afar by Jessica

Illustrated notes

Levels and vault maps discovered:
D:1:      psy_arrival_whirlpool, layout_basic, hellmonk_ecumenical_altar_zigzags
D:2:      layout_basic, basic_altar, eino_curves_03, uniq_jessica

Skill      XL: |  1 |
---------------+----+-----
Dodging        | 2 |  2.1
Short Blades   | |  0.3
Stealth        | |  1.7
Spellcasting   | |  3.2
Conjurations   | |  1.1
Summonings     | |  1.0
Translocations | |  0.8

Action                   || total
-------------------------++-------
Melee: Dagger            ||    16
 Cast: Magic Dart        ||    20
       Slow              ||     2
       Call Imp          ||     1
Armor: Robe              ||     3
Dodge: Dodged            ||    10
